Celery, lawful female human Valkyrie 1 @1 @ @ @ @ @ @@ @ ------- @@@D@@ @ |$$.%$|)@%)@ @ |$$.$))))@%. @ |$$%$A|@[)@ ; |$$$.%| @ D@@ |$%-|---- @@ @ |$$|.)..| @ @ |$$|..^.| @ --------- Celery the Warrior Experience level: 14 Strength: 18/89 Dexterity: 16 Constitution: 18 Intelligence: 8 Wisdom: 11 Charisma: 11 Health: 128(173) Energy: 44(44) AC: 4 Gold: 0 Moves: 25751 Your Inventory: Amulets h - an uncursed amulet called ESP [of ESP] (being worn) Weapons a - the blessed rustproof +6 Excalibur (weapon in hand) u - a blessed rustproof +5 katana of fire (wielded in other hand) J - an uncursed +0 thirsty dagger Armor b - an uncursed +1 pair of leather gloves (being worn) c - an uncursed rusty +0 helm of brilliance (being worn) z - a blessed fireproof +1 pair of jumping boots (being worn) Rings C - an uncursed ring of regeneration Q - an uncursed ring of shock resistance (on left hand) W - an uncursed ring of slow digestion (on right hand) Tools e - a blessed [+0] unicorn horn j - the blessed Orb of Fate (0:5) k - an [uncursed] silver bell [(Bell of Opening) (0:3)] s - a blessed bag called holding [of holding] w - an uncursed magic whistle R - an uncursed key [skeleton key] Contents of the bag of holding: 794 gold pieces an uncursed amulet of life saving an uncursed +0 mummy wrapping an [uncursed] C-ration 12 [uncursed] K-rations 3 uncursed carrots 11 uncursed food rations 5 uncursed lizard corpses an uncursed sprig of wolfsbane an [uncursed] tripe ration a cursed scroll of create monster a [blessed] scroll of create monster 4 [uncursed] scrolls of create monster an [uncursed] scroll of enchant armor an uncursed scroll of scare monster 2 uncursed scrolls of teleportation 4 uncursed unlabeled scrolls [of blank paper] 7 blessed potions called water [of holy water] a cursed potion of booze a blessed +2 ring of adornment an uncursed ring of conflict an uncursed ring of free action an uncursed +2 ring of gain constitution an uncursed +3 ring of gain strength an uncursed ring of hunger an uncursed +1 ring of increase accuracy an uncursed ring of polymorph an uncursed ring of polymorph control an uncursed ring of sustain ability an uncursed ring of teleportation an [uncursed] wand of create monster [0:12] an uncursed wand of death (0:6) an uncursed wand of fire [0:4] an uncursed can of grease [0:7] an uncursed [wooden] flute an uncursed magic marker (0:48) an [uncursed] magic whistle a blessed oil lamp (0:128) an uncursed [+0] pick-axe a blessed tinning kit [0:48] an uncursed towel 6 uncursed amethyst stones 8 uncursed black gems [obsidian] 4 [uncursed] black gems [jet] an uncursed blue gem [sapphire] 13 [uncursed] blue gems [worthless glass] 2 uncursed green gems [turquoise] 11 uncursed green gems [emerald] 8 [uncursed] green gems [jade] a blessed luckstone 2 uncursed opals 2 uncursed orange gems [agate] 2 uncursed orange gems [jacinth] 2 uncursed red gems [garnet] 9 uncursed red gems [ruby] 8 uncursed red gems [jasper] 6 [uncursed] violet gems [fluorite] 2 uncursed white gems [diamond] 5 uncursed white gems [worthless glass] 2 uncursed yellow gems [chrysoberyl] 7 [uncursed] yellow gems [citrine] 3 [uncursed] yellowish brown gems [amber] Spells known in the end: Name Level Category Fail Memory a - detect food 2* divination 66% [........] b - confuse monster 2 enchantment 66% [|.......] c - sleep 1 enchantment 57% [||......] d - restore ability 4 healing 100% [|||.....] e - detect monsters 1 divination 57% [|||.....] f - wizard lock 2 matter 66% [||||....] g - charm monster 3 enchantment 100% [||||....] h - magic missile 2 attack 66% [||||....] i - create monster 2 clerical 66% [|||||...] j - light 1 divination 57% [|||||...] k - cure sickness 3 healing 100% [||||||||] Your skills at the end: Fighting Skills two weapon combat [Basic / Skilled] body armor [Skilled / Skilled] shield [Expert / Expert] Weapon Skills dagger [Basic / Expert] long sword [Expert / Expert] Spellcasting Skills Final Attributes: You were piously aligned. Hunger level was 482. Your alignment was 138 / 138. Monster difficulty range was 3 - 16. Level difficulty was 18. You resisted fire. You were immune to cold. You resisted sleep. You were immune to electricity. You resisted poison. You were immune to level-drain. You were magic-protected. You resisted physical damage. You resisted spell damage. You saw invisible. You were telepathic. You were warned. You had automatic searching. You were invisible to others. You were stealthy. You could jump. You had slower digestion. You were fast. You were wielding two weapons at once. You were extremely lucky (13). You had extra luck. Good luck did not time out for you. You are dead. Vanquished creatures: Yeenoghu a minotaur Lord Surtur 2 titanotheres a vampire lord 3 nurses Aphrodite an ettin 3 black puddings a vampire 4 lieutenants 3 ghosts 2 winged gargoyles 3 giant mimics 46 fire giants 2 ogre kings an Elvenking 2 doppelgangers 2 large mimics 2 long worms 3 stalkers an earth elemental a water elemental a giant mummy 3 elf-lords 7 sergeants a water demon 4 wargs 14 small mimics a warhorse a xan an ettin mummy an ogre lord 3 quantum mechanics 4 trolls a wood golem a giant turtle a large dog a freezing sphere 2 flaming spheres 2 shocking spheres a large cat a gargoyle 2 tengu 3 ochre jellies 2 mountain centaurs 2 stone giants 2 elf mummies 2 human mummies a red naga a python 3 ettin zombies 2 leather golems 55 soldiers 4 watchmen a horned devil a succubus 9 giant beetles a quivering blob 5 cockatrices 2 wolves a panther a gremlin a spotted jelly 106 leprechauns an orc-captain 2 iron piercers a mumak 3 giant spiders 3 scorpions 4 horses an ice vortex 4 black lights 2 vampire bats 3 gnome kings 4 orc mummies 6 ogres 2 brown puddings 3 rust monsters 2 owlbears a yeti 3 werewolves 5 Green-elves 9 lizards a chickatrice 3 dogs a dingo a housecat 4 jaguars a dwarf lord a blue jelly 2 gray unicorns 2 black unicorns 2 dust vortices 4 gnome mummies 3 snakes an ape 4 human zombies 2 Woodland-elves 12 soldier ants 153 fire ants 4 snow ants a bugbear an imp 2 quasits 6 wood nymphs 7 water nymphs 10 mountain nymphs 10 Mordor orcs 34 Uruk-hai 4 rock piercers 5 rock moles 2 ponies 2 fog clouds a yellow light 2 shriekers 2 violet fungi 13 gnome lords 4 gnomish wizards 3 kobold mummies 2 red naga hatchlings 7 gray oozes 8 elf zombies a ghoul 2 straw golems 2 paper golems a wax golem a baby crocodile 10 giant ants 3 little dogs 9 floating eyes 2 kittens 9 dwarves 3 homunculi 17 hill orcs 7 rothes a rabid rat 2 centipedes a giant bat 4 orc zombies 6 dwarf zombies 2 wererats 2 werejackals 4 muggers 4 iguanas 27 killer bees 3 acid blobs a coyote a gas spore 2 hobbits 14 manes 2 large kobolds 2 hobgoblins 4 giant rats 5 cave spiders 2 brown molds 6 yellow molds a green mold 77 gnomes 10 garter snakes 2 gnome zombies 7 geckos 15 jackals 3 foxes 6 kobolds 4 goblins 12 sewer rats 9 grid bugs 4 bats 2 lichens a kobold zombie 8 newts 1054 creatures vanquished. Genocided or extinct species: fire ants (extinct) 1 species extinct. Voluntary challenges: You used a wielded weapon 1252 times. You read items or engraved 86 times. You put on armor 98 times. You never genocided any monsters. You never polymorphed an object. You never changed form. You used no wishes. You never wrote Elbereth's name. You encountered 1 bones level. You never used any Sokoban shortcuts. Dungeon overview: The Dungeons of Doom: levels 1 to 18 Level 1 an altar to Tyr a long staircase Level 2 a jewelry store Level 3 an armor shop stairs to The Gnomish Mines Level 8 a fountain Level 9 many fountains Level 10 stairs to Sokoban Level 11 stairs to Town Level 13 a sink Level 15 a fountain Level 16 some fountains portal to The Quest Level 18 portal to Fort Ludios The Gnomish Mines: levels 4 to 12 Level 4 stairs to The Dungeons of Doom Level 7 some shops, a temple, a magic chest, some fountains Level 12 some fountains The Quest: levels 1 to 5 Level 1 a magic chest portal to The Dungeons of Doom Sokoban: levels 7 to 9 Level 9 a magic chest stairs to The Dungeons of Doom Town: levels 8 to 10 Level 8 many shops, some fountains, a sink Level 9 many fountains, many trees Level 10 stairs to The Dungeons of Doom Fort Ludios: Level 1 <- You were here portal to The Dungeons of Doom History has recorded: On T:1 you entered the Dungeons of Doom to retrieve the Amulet of Yendor! On T:600 you reached level 2 of The Dungeons of Doom. On T:925 you advanced to experience level 2. On T:1035 you advanced to experience level 3. On T:2075 you advanced to experience level 4. On T:2323 you reached level 3 of The Dungeons of Doom. On T:2638 you advanced to experience level 5. On T:3098 you advanced to experience level 6. On T:3352 you reached level 4 of The Dungeons of Doom. On T:3708 you reached level 5 of The Dungeons of Doom. On T:4056 you advanced to experience level 7. On T:4454 you reached level 7 of The Dungeons of Doom. On T:4540 you advanced to experience level 8. On T:4963 you reached level 8 of The Dungeons of Doom. On T:5173 you reached level 9 of The Dungeons of Doom. On T:5505 you advanced to experience level 9. On T:5537 you reached level 10 of The Dungeons of Doom. On T:5688 you reached level 3 of Sokoban. On T:6032 you reached level 2 of Sokoban. On T:6330 you reached level 1 of Sokoban. On T:7421 you advanced to experience level 10. On T:8415 you reached level 1 of The Gnomish Mines. On T:8942 you reached level 2 of The Gnomish Mines. On T:9042 you reached level 4 of The Gnomish Mines. On T:9413 you reached level 3 of The Gnomish Mines. On T:10110 you reached level 5 of The Gnomish Mines. On T:10626 you reached level 6 of The Gnomish Mines. On T:10902 you reached level 7 of The Gnomish Mines. On T:11305 you advanced to experience level 11. On T:11314 you reached level 8 of The Gnomish Mines. On T:11859 you reached level 9 of The Gnomish Mines. On T:13788 you received advice from The Oracle. On T:13970 you reached level 11 of The Dungeons of Doom. On T:14319 you reached level 3 of Town. On T:14436 you reached level 2 of Town. On T:14731 you killed Aphrodite on level 2 of Town. On T:15294 you reached level 1 of Town. On T:15590 you advanced to experience level 12. On T:16864 you received a rustproof katana of fire from Tyr. On T:17742 you reached level 12 of The Dungeons of Doom. On T:18175 you reached level 13 of The Dungeons of Doom. On T:18406 you advanced to experience level 13. On T:18406 you advanced to experience level 14. On T:18529 you reached level 14 of The Dungeons of Doom. On T:18759 you reached level 15 of The Dungeons of Doom. On T:19190 you reached level 16 of The Dungeons of Doom. On T:19498 you reached level 1 of The Quest. On T:19637 you embarked upon an epic quest. On T:19679 you reached level 2 of The Quest. On T:19882 you reached level 3 of The Quest. On T:21293 you reached level 4 of The Quest. On T:21859 you reached level 5 of The Quest. On T:23316 you killed Lord Surtur on level 4 of The Quest. On T:24140 you completed the quest! On T:24643 you killed Yeenoghu on level 1 of The Quest. On T:24725 you reached level 17 of The Dungeons of Doom. On T:24969 you reached level 18 of The Dungeons of Doom. On T:25632 you reached Fort Knox. Latest messages: The sergeant hits! [HP-6=147] You hit the soldier! Your katana of fire burns the soldier! The soldier hits! It is missed. (2x) You are hit by a knife. The soldier thrusts her short sword. The soldier hits! The sergeant swings her flail. The sergeant hits! [HP-15=132] You kill the soldier! You hit the sergeant! Your katana of fire burns the sergeant! You kill the sergeant! The soldier picks up a lucern hammer. The soldier thrusts her short sword. The soldier hits! The bolt of disintegration hits you! Your shirt crumbles into tiny threads and falls apart! Final status: Farvel Celery the Valkyrie... You were disintegrated in Fort Ludios with 10553 points, and 794 pieces of gold, after 25751 moves. You were level 14 with a maximum of 173 hit points when you were disintegrated.